 Dungeon Crawl Stone Soup version 0.22-a0-271-gc000056a37 (webtiles) character file.

337 Peterchen the Cleaver (level 6, -3/51 HPs)
             Began as a Minotaur Berserker on Mar 10, 2018.
             Was a Priest of Trog.
             Slain by Prince Ribbit (7 damage)
             ... on level 6 of the Dungeon.
             The game lasted 00:04:05 (2094 turns).

Peterchen the Cleaver (Minotaur Berserker)          Turns: 2094, Time: 00:04:05

Health: -3/51      AC:  7    Str: 24    XL:     6   Next: 28%
Magic:  5/5        EV: 10    Int:  4    God:    Trog [***...]
Gold:   120        SH:  0    Dex:  9    Spells: 5/5 levels left

rFire    . . .     SeeInvis .   e - +0 war axe
rCold    . . .     Gourm    .   (no shield)
rNeg     . . .     Faith    .   r - +0 scale mail
rPois    .         Spirit   .   (helmet restricted)
rElec    .         Reflect  .   (no cloak)
rCorr    .         Harm     .   d - +0 pair of gloves
MR       .....                  (no boots)
Stlth    ..........             f - amulet of magic regeneration
HPRegen  0.17/turn              (no ring)
MPRegen  0.34/turn              (no ring)

@: berserk cooldown, slowed, very slow
A: retaliatory headbutt, horns 2
a: Berserk, Trog's Hand, Renounce Religion


You were on level 6 of the Dungeon.
You worshipped Trog.
Trog was most pleased with you.
You were very hungry.

You visited 1 branch of the dungeon, and saw 4 of its levels.

You collected 120 gold pieces.

Inventory:

Hand Weapons
 e - a +0 war axe (weapon)
Armour
 d - a +0 pair of gloves (worn)
 r - a +0 scale mail (worn)
Jewellery
 f - an amulet of magic regeneration (around neck)
Wands
 l - a wand of polymorph (14)
Scrolls
 i - a scroll of enchant armour
 j - a scroll of remove curse
 n - a scroll of teleportation
 o - 3 scrolls of fog {unknown}
 q - a scroll of blinking {unknown}
Potions
 g - 2 potions of haste {unknown}
 h - a potion of cancellation {unknown}
 k - 2 potions of curing {unknown}
Comestibles
 a - 8 chunks of flesh
 c - 3 rations


   Skills:
 - Level 3.6 Fighting
 * Level 8.6 Axes
 - Level 2.4 Armour
 - Level 2.1 Dodging


You had 5 spell levels left.
You didn't know any spells.

Dungeon Overview and Level Annotations

Branches:
Dungeon (3/15)

Altars:
Ashenzari
Dithmenos

Annotations:
D:6 Prince Ribbit


Innate Abilities, Weirdness & Mutations

You reflexively headbutt those who attack you in melee.
You have a pair of horns on your head.


Message History

You feel stronger.
You see here an iguana corpse.
You butcher the iguana corpse.
You feel a strong urge to attack something.
a - 8 chunks of flesh (gained 1)
You are no longer berserk.
You are exhausted.
You feel yourself slow down.
Prince Ribbit comes into view.
Prince Ribbit gives a loud, deep croak!
Prince Ribbit hits you. x2
Prince Ribbit hits you! Prince Ribbit hits you. Prince Ribbit hits you.
Prince Ribbit hops awkwardly around.
Prince Ribbit hits you!
* * * LOW HITPOINT WARNING * * *
There is a stone staircase leading up here.
Prince Ribbit hits you but does no damage.
Prince Ribbit hits you!
You die...

############.#
#.......F@...#
#............#
#............#
#............#
#............#
#...........##
#...........#
#............
###########..


You could see Prince Ribbit.

Vanquished Creatures
  An ice beast (D:6)
  An orc priest (D:3)
  An iguana (D:6)
  4 gnolls (D:3)
  9 adders
  A worm (D:2)
  3 dart slugs (D:1)
  2 leopard geckos (D:1)
  4 orcs (D:3)
  8 bats
  4 giant cockroaches
  4 goblins
  6 hobgoblins
  A ball python (D:2)
  5 frilled lizards
  11 kobolds
  9 rats
74 creatures vanquished.

Notes
Turn   | Place    | Note
-------+----------+-------------------------------------------
     0 | D:1      | Peterchen the Minotaur Berserker began the quest for the Orb.
     0 | D:1      | Reached XP level 1. HP: 19/19 MP: 0/0
    40 | D:1      | Reached skill level 4 in Axes
    75 | D:1      | Reached XP level 2. HP: 25/26 MP: 1/1
   203 | D:1      | Reached skill level 5 in Axes
   271 | D:1      | Reached XP level 3. HP: 25/31 MP: 2/2
   616 | D:2      | Reached ** piety under Trog
   907 | D:2      | Found a shattered altar of Ashenzari.
   910 | D:2      | Reached XP level 4. HP: 39/39 MP: 3/3
   922 | D:2      | Reached skill level 6 in Axes
  1454 | D:3      | Reached XP level 5. HP: 30/45 MP: 4/4
  1462 | D:3      | Reached skill level 7 in Axes
  2029 | D:3      | Reached *** piety under Trog
  2032 | D:3      | Found a shadowy altar of Dithmenos.
  2072 | D:3      | You fall through a shaft for 3 floors!
  2072 | D:6      | Noticed an ice beast
  2077 | D:6      | Reached skill level 8 in Axes
  2084 | D:6      | Killed an ice beast
  2084 | D:6      | Reached XP level 6. HP: 51/51 MP: 5/5
  2088 | D:6      | Noticed Prince Ribbit
  2094 | D:6      | Slain by Prince Ribbit

Vault maps used:
D:1:      dpeg_arrival_windows_large_door
D:2:      evilmike_ruin_ashenzari
D:3:      chequers_ecumenical_altar_simple_redux, first_ration,
          nicolae_dithmenos_through_a_glass_darkly
D:6:      lemuel_temple_firewalk_b, uniq_prince_ribbit1, uniq_grinder

Skill      XL: |  1  2  3  4  5 |
---------------+----------------+-----
Axes           | 4 5 6 8 |  8.6
Fighting       | |  3.6
Armour         | |  2.4
Dodging        | |  2.1

Action                   |  1- 3 |  4- 6 || total
-------------------------+-------+-------++-------
Melee: Hand axe          |    61 |    65 ||   126
       Headbutt          |     8 |    11 ||    19
       War axe           |       |    20 ||    20
Invok: Berserk           |     1 |     2 ||     3
       Trog's Hand       |       |     1 ||     1
  Use: Scroll            |       |     4 ||     4
 Stab: Sleeping          |       |     1 ||     1
  Eat: Chunk             |     1 |     5 ||     6
Armor: Animal skin       |    15 |    11 ||    26
       Ring mail         |       |    11 ||    11
       Scale mail        |       |     5 ||     5
Dodge: Dodged            |    46 |    56 ||   102

Table legend:
 A = Spawn XP
 B = Non-spawn XP
 C = Spawn XP percentage of total XP
 D = Spawn monster count
 E = Non-spawn monster count
 F = Spawn count percentage of total count
 G = Total turns spent on level
                    A         B        C        D         E        F      G
               +---------+---------+-------+---------+---------+-------+---------
         Total |       0 |     482 |   0.0 |       0 |      74 |   0.0 |  2094
               +---------+---------+-------+---------+---------+-------+---------
           D:1 |       0 |      42 |   0.0 |       0 |      20 |   0.0 |   465
           D:2 |       0 |      92 |   0.0 |       0 |      21 |   0.0 |   865
           D:3 |       0 |     187 |   0.0 |       0 |      31 |   0.0 |   742
           D:6 |       0 |     161 |   0.0 |       0 |       2 |   0.0 |    22
               +---------+---------+-------+---------+---------+-------+---------
